Map: [TLMC19] Anomaly Found

Players

A.I. 1 (Elite)

  • Race: Protoss Protoss
  • Spawn Location: 11:00

zmaj - Winner!

  • Race: Terran Terran
  • Spawn Location: 5:00

VOD

Have the link to the VOD?

Description

Time

  • Played on: April 1, 2024, 4:46 p.m.
  • Length: 5:28
Show
View Real Time Build Order
Export as new Build Order

A.I. 1 (Elite) Protoss 

Build Orders:  

Get SALT Encoding   

  12  0:00  Probe  
  13  0:13  Probe  
  14  0:19  Pylon  
  14  0:25  Probe  
  15  0:33  Probe  
  15  0:39  Gateway  
  15  0:41  Probe  
  16  0:47  Assimilator  
  17  0:51  Probe  
  18  0:59  Probe  
  18  1:00  Pylon  
  19  1:08  Probe  
  19  1:18  Probe  
  21  1:27  Zealot  
  21  1:29  Cybernetics Core  
  21  1:30  Probe  
  24  1:42  Probe  
  25  1:57  Warp Gate  
  25  1:58  Nexus  
  25  1:59  Probe  
  26  2:07  Probe  
  26  2:15  Stalker, Probe  
  30  2:27  Pylon  
  30  2:28  Probe  
  31  2:38  Gateway  
  31  2:41  Assimilator  
  31  2:45  Probe  
  31  2:48  Adept  
  34  2:57  Probe  
  34  2:58  Pylon  
  35  3:05  Probe  
  35  3:10  Probe  
  37  3:13  Probe  
  37  3:18  Adept  
  40  3:22  Robotics Facility  
  40  3:25  Adept  
  42  3:27  Probe  
  42  3:30  Probe  
  44  3:39  Probe  
  45  3:42  Probe  
  46  3:51  Probe  
  46  3:54  Probe  
  48  3:55  Adept  
  50  4:03  Probe, Adept  
  50  4:04  Probe  
  54  4:11  Observer, Robotics Bay  
  54  4:13  Probe  
  54  4:15  Probe, Adept, Pylon  
  59  4:21  Probe  
  59  4:22  Robotics Facility  
  58  4:27  Probe  
  58  4:28  Pylon  
  60  4:31  Stalker  
  60  4:35  Stalker  
  64  4:41  Probe  
  64  4:42  Pylon, Probe  
  56  4:53  Adept  
  56  4:58  Stalker  
  52  5:13  Stalker  
Show
View Real Time Build Order
Export as new Build Order

zmaj Terran - Winner!

Build Orders:  

Get SALT Encoding   

  12  0:00  SCV  
  13  0:12  SCV  
  14  0:16  Supply Depot  
  14  0:24  SCV  
  15  0:38  SCV  
  15  0:39  Barracks  
  16  0:43  Refinery  
  16  0:50  SCV  
  16  0:53  Refinery  
  17  1:02  SCV  
  18  1:14  SCV  
  19  1:26  Orbital Command, Barracks Reactor  
  19  1:28  Supply Depot  
  19  1:40  Factory  
  19  1:52  SCV  
  20  2:01  Marine  
  20  2:02  Marine  
  20  2:06  SCV  
  23  2:18  SCV  
  23  2:19  Marine x2  
  26  2:24  Armory  
  26  2:27  Supply Depot  
  26  2:30  SCV  
  26  2:31  Factory Tech Lab  
  27  2:37  Marine x2  
  27  2:42  SCV  
  30  2:51  Supply Depot  
  30  2:55  SCV  
  30  2:56  Marine x2  
  33  3:07  SCV  
  33  3:12  Thor  
  40  3:13  Supply Depot  
  40  3:14  Marine x2  
  40  3:19  SCV  
  43  3:23  Starport  
  43  3:31  SCV  
  43  3:32  Marine x2  
  46  3:36  Supply Depot  
  46  3:43  SCV  
  47  3:50  Marine x2  
  49  3:59  Supply Depot  
  49  4:04  Thor  
  55  4:11  Medivac  
  57  4:21  Supply Depot  
  57  4:24  Marine x2  
  57  4:27  SCV  
  60  4:42  Marine x2  
  60  4:45  SCV, Supply Depot  
  65  5:01  Marine  
  65  5:02  Marine  
  67  5:08  Supply Depot  
Tags
 
Add a new tag
Caveats
  • Supply blocks, unpowered buildings, or Contaminate may cause inaccurate times.
  • Supply counts are checked every 10 seconds.